 Dungeon Crawl Stone Soup version 0.30-b1-2-g02819fbbbe (webtiles) character file.

Game seed: 15574788392043359921

107 LLlMATKO the Trooper (level 4, 0/61 HPs)
             Began as a Minotaur Berserker on May 14, 2023.
             Was a Believer of Trog.
             Slain by a gnoll
             ... wielding a +0 spear
              (3 damage)
             ... on level 4 of the Dungeon.
             The game lasted 00:02:21 (2385 turns).

LLlMATKO the Trooper (Minotaur Berserker)           Turns: 2385, Time: 00:02:22

Health: 0/61       AC: 14    Str: 24    XL:     4   Next: 57%
Magic:  3/3        EV:  9    Int:  4    God:    Trog [**....]
Gold:   182        SH:  0    Dex:  9    Spells: 3/3 levels left

rFire   . . .        a - +0 hand axe
rCold   . . .        (no shield)
rNeg    . . .        t - +0 chain mail
rPois   .            (helmet restricted)
rElec   .            v - +0 cloak
rCorr   .            (no gloves)
SInv    .            (no boots)
Will    .....        (no amulet) Stlth
                     j - +4 ring of protection
HPRegen 0.30/turn    (no ring)
MPRegen 0.08/turn

%: no passive effects
@: berserking, very quick
A: horns 2, retaliatory headbutt
a: Renounce Religion, Berserk, Trog's Hand


You were on level 4 of the Dungeon.
You worshipped Trog.
Trog was pleased with you.
You visited 1 branch of the dungeon, and saw 4 of its levels.

You collected 182 gold pieces.

Inventory:

Hand Weapons
 a - a +0 hand axe (weapon)
Missiles
 h - 13 poisoned darts (quivered)
 l - a throwing net
 o - 6 boomerangs
Armour
 t - a +0 chain mail (worn)
 v - a +0 cloak (worn)
Jewellery
 j - a +4 ring of protection (left hand)
Scrolls
 c - a scroll of brand weapon {unknown}
 e - 3 scrolls of fog {unknown}
 f - a scroll of amnesia {unknown}
 n - a scroll of identify {unknown}
 s - a scroll of poison {unknown}
 u - a scroll of fear {unknown}
Potions
 b - 3 potions of berserk rage {unknown}
 d - 3 potions of mutation {unknown}
 g - a potion of heal wounds {unknown}
 i - a potion of attraction {unknown}
 k - a potion of resistance {unknown}
 m - 2 potions of magic {unknown}
 p - a potion of lignification {unknown}
 q - a potion of brilliance {unknown}
 r - 2 potions of curing {unknown}


   Skills:
 + Level 4.5 Fighting
 + Level 4.5 Axes
 + Level 3.5 Armour
 + Level 3.2 Dodging


You had 3 spell levels left.
You didn't know any spells.
Your spell library was empty.

Dungeon Overview and Level Annotations

Branches:
Dungeon (4/15)
 Temple: D:4-7

Altars:
Qazlal


Innate Abilities, Weirdness & Mutations

You have a pair of horns on your head.
You reflexively headbutt those who attack you in melee.


Message History

You closely miss the gnoll.
The gnoll shouts!
Your headbutt misses the gnoll. The gnoll closely misses you.
You closely miss the gnoll.
The gnoll hits you but does no damage. x2
You hit the gnoll.
The gnoll is moderately wounded.
The gnoll hits you from afar with a +0 spear!
The gnoll hits you but does no damage.
You barely miss the gnoll.
The gnoll is moderately wounded.
The gnoll barely misses you. The gnoll hits you with a +0 flail.
You hit the gnoll but do no damage.
The gnoll is moderately wounded.
The gnoll hits you from afar with a +0 spear.
You slash the gnoll!
The gnoll is severely wounded.
The gnoll hits you with a +0 flail! The gnoll barely misses you.
The gnoll hits you with a +0 flail.
The gnoll hits you from afar with a +0 spear.
* * * LOW HITPOINT WARNING * * *
The gnoll closely misses you. You furiously retaliate!
You headbutt the gnoll!
You kill the gnoll!
Trog accepts your kill.
A red film seems to cover your vision as you go berserk!
You feel yourself moving faster!
You feel mighty! The gnoll hits you but does no damage.
The gnoll barely misses you.
You slash the gnoll!
You kill the gnoll!
Trog accepts your kill.
Unknown command.
An endoplasm comes into view.
The endoplasm quivers.
The gnoll hits you but does no damage.
The gnoll hits you from afar with a +0 halberd!
* * * LOW HITPOINT WARNING * * *
You see here a +0 flail.
You hit the gnoll.
The gnoll is moderately wounded.
The gnoll hits you with a +0 spear.
You die...

.. #.... ..
#....## #.
......## ... ..
.......#######...#
... .
.........<......#
... ...
##.............
... ....#
##......##......
...
.....g##.....###
...... ...
..J...g@)..###
.#### ...
.........### .#
... .####...## #
... #...# .. #..##
. #.. .. ... ..
.... ... ....


You could see 2 gnolls and an endoplasm.

Vanquished Creatures
  2 gnolls (D:4)
  3 adders
  A worm (D:3)
  2 dart slugs (D:2)
  An orc (D:3)
  5 bats
  2 endoplasms
  3 giant cockroaches
  7 goblins
  5 hobgoblins
  4 jackals (D:2)
  4 quokkas
  A ball python (D:4)
  A frilled lizard (D:2)
  3 kobolds
  5 rats
49 creatures vanquished.

Notes
Turn   | Place    | Note
-------+----------+-------------------------------------------
     0 | D:1      | LLlMATKO the Minotaur Berserker began the quest for the
                  | Orb.
     0 | D:1      | Reached XP level 1. HP: 19/19 MP: 0/0
   149 | D:1      | Reached XP level 2. HP: 27/27 MP: 1/1
   860 | D:2      | Reached XP level 3. HP: 33/33 MP: 2/2
   900 | D:2      | Reached ** piety under Trog
   903 | D:2      | Found a faded altar of an unknown god.
  1450 | D:3      | Found a stormy altar of Qazlal.
  2196 | D:4      | Reached XP level 4. HP: 41/41 MP: 3/3
  2384 | D:4      | HP: 3/61 [gnoll/+0 halberd (12)]
  2385 | D:4      | Slain by a gnoll

Illustrated notes

Levels and vault maps discovered:
D:1:      heliophobic_arrival_enchanted_forest, layout_basic,
          minmay_misc_feat_doors
D:2:      layout_basic, hellmonk_ecumenical_altar_prayer_group
D:3:      layout_basic, nicolae_qazlal_scattered_showers
D:4:      layout_layer_cave, minmay_misc_feat_iff

Skill      XL: |  1  2  3 |
---------------+----------+-----
Fighting       | 4 |  4.5
Axes           | 4 |  4.5
Armour         | 3 |  3.5
Dodging        | 3 |  3.2

Action                     |  1- 3 |  4- 6 || total
---------------------------+-------+-------++-------
  Melee: Hand axe          |    94 |    26 ||   120
         Headbutt          |    13 |     1 ||    14
 Invoke: Berserk           |       |     1 ||     1
 Armour: Animal skin       |     8 |       ||     8
         Ring mail         |    25 |       ||    25
         Chain mail        |     9 |    14 ||    23
  Dodge: Dodged            |    59 |    13 ||    72
